 Dungeon Crawl Stone Soup version 0.26-a0-854-gdc81c2f471 (webtiles) character file.

Game seed: 15452235775135142685

1115 Rosendail the Digger (level 8, -5/61 HPs)
             Began as a Gargoyle Earth Elementalist on Nov 23, 2020.
             Killed from afar by Dowan (8 damage)
             ... with a shard of ice
             ... on level 7 of the Dungeon.
             The game lasted 00:12:53 (6312 turns).

Rosendail the Digger (Gargoyle Earth Elementalist)  Turns: 6312, Time: 00:12:54

Health: -5/61      AC:  8    Str: 13    XL:     8   Next: 34%
Magic:  3/16       EV: 12    Int: 17    God:
Gold:   242        SH:  0    Dex: 10    Spells: 8/17 levels left

rFire    + . .     SeeInvis .   o - +0 flail
rCold    + . .     Faith    .   (no shield)
rNeg     + . .     Spirit   .   c - +1 robe
rPois    ∞         Reflect  .   (no helmet)
rElec    +         Harm     .   d - scarf {rC+ rF+}
rCorr    .         Rampage  .   (no gloves)
MR       .....                  (no boots)
Stlth    ..........             (no amulet)
HPRegen  0.20/turn              (no ring)
MPRegen  0.15/turn              (no ring)

@: berserking (expiring), hasted, very quick
A: negative energy resistance 1, electricity resistance, unbreathing,
petrification resistance, rot immunity, AC +5
a: no special abilities


You were on level 7 of the Dungeon.
You visited 2 branches of the dungeon, and saw 8 of its levels.
You also visited: Ossuary.

You collected 242 gold pieces.

Inventory:

Hand Weapons
 a - a +0 club
 j - a +1 dagger of protection
 k - a +0 short sword
 o - a +0 flail (weapon)
Missiles
 b - 94 stones (quivered)
Armour
 c - a +1 robe (worn)
 d - a scarf of resistance (worn)
Jewellery
 m - an uncursed ring of ice
Wands
 g - a wand of disintegration (12)
 n - a wand of flame (25)
 q - a wand of paralysis (7)
Scrolls
 e - 5 scrolls of teleportation
 h - 4 scrolls of immolation
 p - 3 scrolls of remove curse
 t - a scroll of amnesia
Potions
 f - 2 potions of might
 v - 2 potions of magic {unknown}
 w - a potion of brilliance {unknown}
 x - a potion of invisibility {unknown}
 z - a potion of flight {unknown}
 A - a potion of cancellation {unknown}
 B - a potion of mutation {unknown}


   Skills:
 - Level 1.5 Dodging
 - Level 2.1 Stealth
 + Level 5.4 Spellcasting
 * Level 5.6 Conjurations
 - Level 0.7 Transmutations
 + Level 7.6 Earth Magic


You had 8 spell levels left.
You knew the following spells:

 Your Spells              Type           Power        Failure   Level
a - Sandblast             Erth           ####..       1%          1
b - Stone Arrow           Conj/Erth      ####..       2%          3
c - Lee's Rapid Deconstr  Erth           ####......   16%         5

Your spell library contained the following spells:

 Spells                   Type           Power        Failure   Level
 Passwall                 Tmut/Erth      ###.....     3%          2
 Petrify                  Tmut/Erth      ###.....     24%         4
 Confusing Touch          Hex            #.......     38%         3
 Gell's Gravitas          Tloc           #.........   38%         3
 Yara's Violent Unravell  Hex/Tmut       #.........   97%         5
 Metabolic Englaciation   Hex/Ice        #.........   98%         5


Dungeon Overview and Level Annotations

Branches:
Dungeon (8/15)             Temple (1/1) D:4            Lair (0/6) D:8
Ossuary (visited)

Altars:
Ashenzari
Cheibriados
Elyvilon
Hepliaklqana
Makhleb
Nemelex Xobeh
Ru
Sif Muna
Trog
Uskayaw
Wu Jian
Xom
Zin
The Shining One

Annotations:
D:7 Dowan


Innate Abilities, Weirdness & Mutations

You are resistant to torment.
Your stone body is resilient. (AC +5)
You are immune to poison.
You resist negative energy. (rN+)
You are resistant to electric shocks. (rElec)
You can survive without breathing.
You are immune to petrification.
You are immune to rotting.


Message History

You kill the jackal!
Dowan hits you with a +0 dagger.
* * * LOW HITPOINT WARNING * * *
Your magical contamination has completely faded away.
Unknown command.
You barely miss the ice beast.
The ice beast is severely wounded.
The ice beast barely misses you. Dowan completely misses you.
Unknown command.
You barely miss the ice beast.
The ice beast is severely wounded.
Dowan points at you and mumbles some strange words.
The stone arrow hits you but does no damage.
The ice beast barely misses you.
You sock the ice beast!
You kill the ice beast!
Dowan misses you.
Dowan points at you and mumbles some strange words.
The shard of ice hits you! You partially resist.
You die...

....# #.#.#
#.#.##
####....###
.........
#..o.# #.#o#
#### #.#5#
.....##.#@#
#......Ze.#
.#..##.####
#.>...#
#...........#
#...#####.###
##.. .. #..
.# ## #


You could see Dowan (fast, resistant), 2 orc priests, a shadow imp and a worker
ant zombie.

Vanquished Creatures
  Joseph (D:7)
  Duvessa (D:7)
  An ice beast (D:7)
  A centaur (D:8)
  5 hounds
  2 orc wizards
  A human zombie (Ossuary)
  An iguana (D:8)
  3 worker ants (D:8)
  2 big kobold zombies (Ossuary)
  5 mummies (Ossuary)
  8 adders
  A white imp (D:5)
  3 worms
  A dart slug (D:5)
  4 leopard geckos
  11 orcs
  5 bats
  5 giant cockroaches
  A gnoll zombie (Ossuary)
  8 goblins
  4 hobgoblins
  16 jackals
  12 kobolds
  2 quokkas
  4 frilled lizards
  3 hobgoblin zombies (Ossuary)
  An orc zombie (Ossuary)
  8 rats
120 creatures vanquished.

Notes
Turn   | Place    | Note
-------+----------+-------------------------------------------
     0 | D:1      | Rosendail the Gargoyle Earth Elementalist began the quest
                  | for the Orb.
     0 | D:1      | Reached XP level 1. HP: 10/10 MP: 3/3
   144 | D:1      | Reached XP level 2. HP: 15/15 MP: 0/5
   147 | D:1      | Reached skill level 4 in Earth Magic
   816 | D:2      | Reached XP level 3. HP: 17/19 MP: 0/7
  1098 | D:2      | Found an ornate altar of the Wu Jian Council.
  1377 | D:2      | Found a sparkling altar of Nemelex Xobeh.
  1377 | D:2      | Found a burning altar of Makhleb.
  2105 | D:2      | Reached XP level 4. HP: 24/24 MP: 5/8
  2307 | D:3      | Reached skill level 5 in Earth Magic
  2620 | D:3      | Reached XP level 5. HP: 28/28 MP: 4/10
  3195 | D:3      | Found a shimmering altar of Xom.
  3815 | D:4      | Found a sand-covered staircase.
  3820 | Ossuary  | Entered an ossuary
  3847 | Ossuary  | Reached skill level 6 in Earth Magic
  4003 | Ossuary  | Reached XP level 6. HP: 28/32 MP: 12/12
  4042 | Ossuary  | Learned a level 3 spell: Stone Arrow
  4048 | Ossuary  | Learned a level 5 spell: Lee's Rapid Deconstruction
  4305 | Ossuary  | Reached skill level 1 in Conjurations
  5128 | D:4      | Found a staircase to the Ecumenical Temple.
  5148 | Temple   | Entered the Ecumenical Temple
  5545 | D:4      | Found a bloodstained altar of Trog.
  5722 | D:5      | Entered Level 5 of the Dungeon
  5728 | D:5      | Reached XP level 7. HP: 36/36 MP: 10/13
  5985 | D:5      | You fall into a shaft and drop 3 floors!
  6003 | D:7      | Noticed a rust devil
  6003 | D:7      | Noticed a rust devil
  6093 | D:8      | Found a staircase to the Lair.
  6139 | D:8      | Reached skill level 7 in Earth Magic
  6207 | D:7      | Noticed Joseph
  6229 | D:7      | Killed Joseph
  6230 | D:7      | Reached skill level 5 in Spellcasting
  6230 | D:7      | Reached skill level 5 in Conjurations
  6230 | D:7      | Reached XP level 8. HP: 30/41 MP: 8/15
  6290 | D:7      | Noticed Dowan
  6292 | D:7      | Noticed Duvessa
  6303 | D:7      | Killed Duvessa
  6309 | D:7      | HP: 3/61 [Dowan/+0 dagger (2)]
  6312 | D:7      | Killed from afar by Dowan

Illustrated notes

Levels and vault maps discovered:
D:1:      erik_arrival_blinker_ship, layout_loops_ring
D:2:      minmay_kobold_bridge, layout_loops_ring, grunt_temple_overflow_open,
          minmay_misc_feat_hallway
D:3:      layout_loops_corners, tgw_xom
D:4:      layout_basic, bloody_trog, minmay_temple_entry_large_hall,
          enter_ossuary_5, chequers_serial_rivers_large_b
D:5:      layout_layer_cave, vehumet_altar_wand_db,
          lemuel_zombie_altar_yredelemnul, serial_shops,
          nicolae_shop_temple_entry_statues_fountains
D:7:      cheibrodos_iron_armory, layout_loops_ring,
          grunt_temple_overflow_growth_and_decay, serial_shops,
          nicolae_shop_behind_doors, uniq_duvessa, uniq_joseph
D:8:      layout_basic, kennysheep_little_box, lemuel_crystal_altar,
          serial_shops, shop
Temple:   compressed_dpeg_triangle_lava_temple

Skill      XL: |  1  2  3  4  5  6  7 |
---------------+----------------------+-----
Earth Magic    | 4 5 6 7 |  7.6
Spellcasting   | 3 4 5 |  5.4
Conjurations   | 2 5 |  5.6
Dodging        | |  1.5
Stealth        | |  2.1
Transmutations | |  0.7

Action                   |  1- 3 |  4- 6 |  7- 9 || total
-------------------------+-------+-------+-------++-------
Melee: Club              |    62 |       |       ||    62
       Dagger            |    31 |   132 |       ||   163
       Flail             |       |    76 |    35 ||   111
 Cast: Sandblast         |    28 |    48 |    26 ||   102
       Stone Arrow       |       |     1 |       ||     1
       Lee's Rapid Decon |       |       |     2 ||     2
Evoke: Wand              |       |       |     1 ||     1
  Use: Scroll            |       |    19 |       ||    19
       Potion            |       |       |     9 ||     9
 Stab: Sleeping          |     4 |     6 |       ||    10
       Distracted        |       |     2 |       ||     2
Armor: Robe              |    55 |    71 |    24 ||   150
       Skin              |       |       |    26 ||    26
Dodge: Dodged            |    82 |   146 |    43 ||   271

Table legend: (Time is in decaauts)
 A = Elapsed time spent in this place.
 B = Non-inter-level travel time spent in this place.
 C = Inter-level travel time spent in this place.
 D = Time resting spent in this place.
 E = Time spent auto-exploring this place.
 F = Levels seen in this place.
 G = Mean time per level.
                   A        B        C        D        E       F      G
               +--------+--------+--------+--------+--------+-----+--------+
         Total |   6408 |   6206 |    202 |   1123 |   3793 |   9 |  712.0 |
       Dungeon |   5251 |   5054 |    197 |    604 |   3495 |   7 |  750.1 |
        Temple |    265 |    260 |      5 |      0 |    260 |   1 |  265.0 |
       Ossuary |    891 |    891 |      0 |    519 |     38 |   1 |  891.0 |
               +--------+--------+--------+--------+--------+-----+--------+

Top non-repeatable levels by time:
     D:2: 1385 daAuts
     D:3: 1242 daAuts
     D:4: 1144 daAuts
 Ossuary: 891 daAuts
     D:1: 875 daAuts
     D:5: 266 daAuts
  Temple: 265 daAuts
     D:8: 221 daAuts
     D:7: 115 daAuts
